[Event "*** Titled Tuesday Blitz"]
[Site "Chess.com"]
[Date "2019.08.06"]
[Round "2"]
[White "Pechen_Yeltsina"]
[Black "DanielNaroditsky"]
[Result "1-0"]
[WhiteElo "2671"]
[BlackElo "2974"]
[TimeControl "180+2"]
[EndTime "13:20:51 PDT"]
[Termination "Pechen_Yeltsina won by resignation"]

1. e4 Nf6 2. e5 Nd5 3. d4 d6 4. c4 Nb6 5. exd6 exd6 6. Nc3 Be7 7.
Bd3 O-O 8. Nge2 Bf6 9. O-O Nc6 10. Be3 Bg4 11. f3 Bh5 12. b3 Bg6 13. Ne4 Re8 14. Qd2 d5 15. Nxf6+ Qxf6 16. c5 Qe7 17. Kf2 Bxd3 18.
Qxd3 Nd7 19. Rae1 Nb4 20. Qd2 Nc6 21. Ng3 Qh4 22. Kg1 g6 23. Bf2 Qf6 24. b4 a6 25. a4 a5 26. b5 Nb4 27. Rxe8+ Rxe8 28. Re1 Re6 29. Rxe6 fxe6 30. f4 c6 31. b6 h5 32. Qe3 Qf7 33. Be1 Nc2 34. Qd2 Nxe1 35. Qxe1 Nf6 36. h3 h4 37. Ne2 Qh7 38. Qxa5 Qf7 39.
Qe1 Ne4 40. Qxh4 Kg7 41. Qd8 g5 42. Qc7 gxf4 43. Nxf4 Kf6 44. Qxf7+ Kxf7 45. a5 Nf6 46. Nd3 Nd7 47. Ne5+ 1-0

[Event "*** Titled Tuesday Blitz"]
[Site "Chess.com"]
[Date "2019.08.06"]
[Round "2"]
[White "nikitakhoroshev"]
[Black "Giraffe_Chess"]
[Result "0-1"]
[WhiteElo "2591"]
[BlackElo "2383"]
[TimeControl "180+2"]
[EndTime "13:20:52 PDT"]
[Termination "Giraffe_Chess won on time"]

1. e4 c5 2. Nc3 d6 3. f4 g6 4.
Nf3 Bg7 5. g3 Nc6 6. Bg2 e6 7.
O-O Nge7 8. d3 O-O 9. h3 a6 10. Be3 b5 11. Rb1 Bb7 12. Ne2 Re8 13. g4 f5 14. Ng5 Qd7 15. Ng3 h6 16. Nf3 Nd4 17. c3 Nxf3+ 18. Qxf3 Rf8 19. Qe2 Rac8 20. Rbd1 d5 21. e5 d4 22. Bxb7 Qxb7 23. cxd4 cxd4 24. Bxd4 Qd5 25. Bc3 Nc6 26. a3 a5 27. gxf5 gxf5 28. Kh2 b4 29. Rg1 bxc3 30. Nh5 Rc7 0-1

[Event "*** Titled Tuesday Blitz"]
[Site "Chess.com"]
[Date "2019.08.06"]
[Round "2"]
[White "Walter_White_Poland"]
[Black "swayamsm"]
[Result "0-1"]
[WhiteElo "2330"]
[BlackElo "2502"]
[TimeControl "180+2"]
[EndTime "13:20:52 PDT"]
[Termination "swayamsm won on time"]

1. e4 e6 2. d4 d5 3. Nc3 Nf6 4. Bg5 Bb4 5. e5 h6 6. Bd2 Bxc3 7. bxc3 Ne4 8. Bd3 Nxd2 9. Qxd2 c5 10. Nf3 Nc6 11. a4 c4 12. Be2 Qa5 13. h4 Bd7 14.
h5 Ne7 15. g3 Bxa4 16. O-O b5 17. Nh4 Qd8 18. Bg4 O-O 19. f4 a5 20. f5 exf5 21. Nxf5 Nxf5 22. Rxf5 Ra6 23. Raf1 Qe7 24.
Bf3 Qd7 25. Bg2 b4 26. cxb4 axb4 27. Qxb4 Bxc2 28. e6 Qxe6 29. Rxd5 Bd3 30. Re5 Qd6 31. Qb7 Bxf1 32. Kxf1 Ra1+ 33. Ke2 Qxd4 0-1

[Event "*** Titled Tuesday Blitz"]
[Site "Chess.com"]
[Date "2019.08.06"]
[Round "2"]
[White "chedimir"]
[Black "ChessNinja48"]
[Result "1-0"]
[WhiteElo "2267"]
[BlackElo "2196"]
[TimeControl "180+2"]
[EndTime "13:20:57 PDT"]
[Termination "chedimir won by resignation"]

1. e4 e5 2. Nf3 Nc6 3. Bb5 a6 4. Ba4 Nf6 5. O-O b5 6. Bb3 Be7 7. d4 d6 8. c3 O-O 9. h3 exd4 10.
cxd4 d5 11. e5 Ne4 12. Nc3 Nxc3 13. bxc3 a5 14. a4 b4 15. c4 Be6 16. c5 f6 17.
exf6 Bxf6 18. Re1 Qd7 19. Ra2 Rad8 20. Rae2 Bf5 21. Bf4 Kh8 22. Qd2 Be4 23. Ne5 Nxe5 24. dxe5 Be7 25. Be3 d4 26. Bg5 Bxg5 27. Qxg5 Qf5 28.
Qxf5 Bxf5 29. g4 Bc8 30. e6 d3 31. Rd2 Rfe8 32. f4 g6 33. Kf2 Ba6 34. Kg3 Kg7 35. f5 gxf5 36. gxf5 Kf6 37. Kg4 Rd4+ 38. Kf3 Kxf5 39.
e7 Rd7 40. Be6+ Kf6 41. Bxd7 Rxe7 1-0

[Event "*** Titled Tuesday Blitz"]
[Site "Chess.com"]
[Date "2019.08.06"]
[Round "2"]
[White "mitrabhaa"]
[Black "Drags95"]
[Result "1/2-1/2"]
[WhiteElo "2694"]
[BlackElo "2843"]
[TimeControl "180+2"]
[EndTime "13:20:59 PDT"]
[Termination "Game drawn by agreement"]

1. d4 Nf6 2. Nf3 e6 3. c4 d5 4. g3 Bb4+ 5. Bd2 Be7 6. Bg2 c6 7. O-O Nbd7 8. Nc3 dxc4 9. a4 O-O 10. e4 c5 11. d5 exd5 12. e5 Ne4 13. Nxd5 Nxd2 14.
Qxd2 Nb6 15. Nxe7+ Qxe7 16. a5 Rd8 17. Qe2 Nd5 18. Qxc4 Be6 19. Qe2 Rd7 20. Nd2 Nb4 21.
Ne4 Bd5 22. f4 Rad8 23. Rfd1 Bxe4 24. Bxe4 Rd4 25. Bf5 g6 26. Bh3 Nd3 27. Bg2 Kg7 28. h3 h5 29. h4 c4 30. Bf3 Qb4 31. e6 fxe6 32. Qxe6 Qxb2 33. Qe7+ Kh6 34. Qg5+ Kh7 35. Qe7+ 1/2-1/2

[Event "*** Titled Tuesday Blitz"]
[Site "Chess.com"]
[Date "2019.08.06"]
[Round "2"]
[White "rasmussvane"]
[Black "ChessyInstinct"]
[Result "1-0"]
[WhiteElo "2819"]
[BlackElo "2379"]
[TimeControl "180+2"]
[EndTime "13:20:59 PDT"]
[Termination "rasmussvane won by resignation"]

1. Nf3 d5 2. g3 c6 3. Bg2 Nf6 4.
O-O Bg4 5. h3 Bxf3 6. Bxf3 Nbd7 7. d3 e5 8. e4 dxe4 9. dxe4 Bc5 10. Nd2 O-O 11. Qe2 Qe7 12. a4 a5 13. Nb3 Bb6 14. Bd2 Rfd8 15. Rfd1 Nf8 16. Kg2 Ne6 17. h4 h6 18. Be1 Nd4 19. Nxd4 Bxd4 20. Rab1 Qc7 21.
Qc4 Rd7 22. c3 Bb6 23. Rxd7 Qxd7 24. Rd1 Qe7 25. Rd3 Rd8 26. Rxd8+ Qxd8 27. Qb3 Nd7 28. Bh5 Qf6 29. Bg4 Nc5 30. Qxb6 Nxe4 31. Qxb7 Qd6 32. Qc8+ Qf8 33. Qxf8+ Kxf8 34. b4 axb4 35.
cxb4 Nd6 36. Bd7 Ke7 37. Bxc6 Nc4 38. a5 Kd6 39. b5 e4 40. a6 f5 41. a7 Nb6 42.
Ba5 1-0

[Event "*** Titled Tuesday Blitz"]
[Site "Chess.com"]
[Date "2019.08.06"]
[Round "2"]
[White "Amirreza_p"]
[Black "Blitzking642"]
[Result "1-0"]
[WhiteElo "2830"]
[BlackElo "2399"]
[TimeControl "180+2"]
[EndTime "13:21:02 PDT"]
[Termination "Amirreza_p won on time"]

1. e4 e5 2. Nf3 Nc6 3. Bc4 Bc5 4. d3 Nf6 5. O-O O-O 6. c3 d6 7.
h3 h6 8. Re1 a6 9. Nbd2 Ba7 10.
Bb3 Ne7 11. Nf1 Ng6 12. Ng3 Re8 13. d4 Be6 14. Bc2 c6 15. Be3 Qc7 16. Qd2 Rad8 17. Nf5 Bxf5 18. exf5 Nf8 19. Bxh6 gxh6 20. Qxh6 N8h7 21.
Ng5 e4 22. Nxh7 Nxh7 23. f6 Nxf6 24. Qxf6 d5 25. Re3 Re6 26. Rg3+ Kf8 27. Qh4 Bb8 28. Rf1 Rd7 29. f4 1-0

[Event "*** Titled Tuesday Blitz"]
[Site "Chess.com"]
[Date "2019.08.06"]
[Round "2"]
[White "Keaton87"]
[Black "GrandGlacier"]
[Result "1-0"]
[WhiteElo "2621"]
[BlackElo "2411"]
[TimeControl "180+2"]
[EndTime "13:21:03 PDT"]
[Termination "Keaton87 won on time"]

1. d4 Nf6 2. Bg5 Ne4 3. Bf4 c5 4. f3 Nf6 5. dxc5 Qa5+ 6. Nc3 Qxc5 7. e4 Nc6 8. Qd2 d6 9. O-O-O g6 10. Nge2 Bg7 11. h4 O-O 12. Bh6 Be6 13. h5 Nxh5 14. g4 Nf6 15. Bxg7 Kxg7 16. Qh6+ Kg8 17. g5 Nh5 18. Ng3 Qe5 19. Nxh5 gxh5 20. Qxh5 Qg7 21. f4 f5 22. gxf6 Rxf6 23. f5 Bf7 24. Bc4 Kh8 25.
Bxf7 Qxf7 26. Qh4 Ne5 27. Nd5 Rd8 28. Nxf6 exf6 29. Kb1 b5 30. Rh3 a5 31. Rdh1 Rd7 32. Rg3 b4 33. Rhg1 a4 34. Qxf6+ 1-0

[Event "*** Titled Tuesday Blitz"]
[Site "Chess.com"]
[Date "2019.08.06"]
[Round "2"]
[White "icychess54"]
[Black "gemarin"]
[Result "0-1"]
[WhiteElo "2082"]
[BlackElo "2057"]
[TimeControl "180+2"]
[EndTime "13:21:05 PDT"]
[Termination "gemarin won by checkmate"]

1. c4 c5 2. Nf3 Nc6 3. Nc3 Nf6 4. d4 cxd4 5. Nxd4 g6 6. e3 Bg7 7. Be2 O-O 8. O-O d6 9. b3 Bd7 10. Bb2 Rc8 11. Qd2 a6 12. Rad1 Re8 13. f4 Qa5 14. a3 Nxd4 15. exd4 d5 16. c5 Bf5 17.
Bf3 Qd8 18. Rfe1 e6 19. b4 h5 20. a4 Qd7 21. b5 axb5 22. axb5 Ra8 23. Ra1 Ne4 24. Bxe4 dxe4 25. Nxe4 Bxe4 26. Rxe4 Rxa1+ 27. Bxa1 Qxb5 28. Re1 Qc4 29. Rb1 Ra8 30. Bc3 Ra2 31. Rb2 Ra1+ 32. Kf2 Qf1+ 33. Kg3 Bf6 34. Rxb7 Rd1 35.
Rb8+ Kg7 36. Qb2 Rd3# 0-1

[Event "*** Titled Tuesday Blitz"]
[Site "Chess.com"]
[Date "2019.08.06"]
[Round "2"]
[White "BilodeauA"]
[Black "mikhaillushenkov"]
[Result "1-0"]
[WhiteElo "2904"]
[BlackElo "2671"]
[TimeControl "180+2"]
[EndTime "13:21:11 PDT"]
[Termination "BilodeauA won by resignation"]

1. e4 e6 2. d4 d5 3. Nd2 Nf6 4. e5 Nfd7 5. f4 c5 6. c3 Nc6 7. Ndf3 Qb6 8. h4 f6 9. h5 cxd4 10.
cxd4 Bb4+ 11. Ke2 O-O 12. a3 Be7 13. Ke1 fxe5 14. fxe5 Ndxe5 15. dxe5 Nxe5 16. Be2 Bd7 17. h6 g6 18. Qd4 Nxf3+ 19. Nxf3 Qxd4 20. Nxd4 e5 21. Nf3 Bf6 22. Bg5 e4 23. Bxf6 exf3 24. Bg7 fxe2 25. Bxf8 Kxf8 26. Kxe2 Re8+ 27. Kd2 Re4 28.
Rhf1+ Bf5 29. Rac1 Ke7 30. Rc7+ Kf6 31. Rxh7 Rg4 32.
Rf2 Kg5 33. Rh8 Rc4 34. h7 Rh4 35. Rxf5+ 1-0

[Event "*** Titled Tuesday Blitz"]
[Site "Chess.com"]
[Date "2019.08.06"]
[Round "2"]
[White "rekosheten"]
[Black "GelmanAlexander"]
[Result "0-1"]
[WhiteElo "2349"]
[BlackElo "2563"]
[TimeControl "180+2"]
[EndTime "13:21:11 PDT"]
[Termination "GelmanAlexander won by resignation"]

1. Nf3 c5 2. e4 e6 3. c3 d5 4. e5 Nc6 5. d4 Bd7 6. Bd3 cxd4 7. cxd4 Qb6 8. O-O Nxd4 9. Nxd4 Qxd4 10. Nc3 a6 11. Qe2 Ne7 12. Kh1 Nc6 13. f4 Nb4 14.
Bb1 Qc4 15. Qf3 Bb5 16. Nxb5 axb5 17. f5 Be7 18. fxe6 fxe6 19. Qf7+ Kd7 20. Bg5 Rae8 21. Bxe7 Rxe7 22. Qf3 g6 23. a3 Nc6 24. Bd3 Qb3 25. Qe2 Nd4 26. Qd2 Rc8 27. Bxg6 Nc2 28. Qxc2 Rxc2 0-1

[Event "*** Titled Tuesday Blitz"]
[Site "Chess.com"]
[Date "2019.08.06"]
[Round "2"]
[White "timator"]
[Black "Heineccius"]
[Result "0-1"]
[WhiteElo "2402"]
[BlackElo "2549"]
[TimeControl "180+2"]
[EndTime "13:21:16 PDT"]
[Termination "Heineccius won by resignation"]

1. Nf3 Nf6 2. d4 e6 3. g3 d5 4. Bg2 Be7 5. O-O O-O 6. b3 b6 7. Bb2 Bb7 8. Nbd2 Nbd7 9. c4 dxc4 10. Nxc4 c5 11. dxc5 Nxc5 12. Qxd8 Rfxd8 13. Rfd1 Be4 14. Nfe5 Bxg2 15. Kxg2 Bf8 16. f3 Nd5 17. Kf2 Nb4 18. a3 Nd5 19. e4 Ne7 20. b4 Na4 21. Rxd8 Rxd8 22. Bc1 f6 23. Ng4 Nc6 24. Nge3 b5 25. Nb2 Nxb2 0-1

[Event "*** Titled Tuesday Blitz"]
[Site "Chess.com"]
[Date "2019.08.06"]
[Round "2"]
[White "Korchmar_Vasiliy"]
[Black "Firouzja2003"]
[Result "0-1"]
[WhiteElo "2650"]
[BlackElo "2995"]
[TimeControl "180+2"]
[EndTime "13:21:21 PDT"]
[Termination "Firouzja2003 won on time"]

1. d4 Nf6 2. c4 g6 3. Nc3 Bg7 4. e4 d6 5. h3 O-O 6. Nf3 e5 7. d5 a5 8. g4 Na6 9. Be3 Nd7 10. a3 Nb6 11. Rg1 Nc5 12. h4 a4 13.
Nd2 Qxh4 14. Qf3 Qe7 15. O-O-O c6 16. Kb1 cxd5 17. cxd5 Bd7 18. Qh3 h5 19. Be2 h4 20.
Nf3 Bf6 21. Nxh4 Bxh4 22. Rh1 g5 23. Qf3 Kg7 24. Rxh4 gxh4 25. g5 Rh8 26. Rg1 Rag8 0-1

[Event "*** Titled Tuesday Blitz"]
[Site "Chess.com"]
[Date "2019.08.06"]
[Round "2"]
[White "Alexander_Moskalenko"]
[Black "BlitzWizard04"]
[Result "1-0"]
[WhiteElo "2858"]
[BlackElo "2437"]
[TimeControl "180+2"]
[EndTime "13:21:21 PDT"]
[Termination "Alexander_Moskalenko won by checkmate"]

1. c4 Nf6 2. Nc3 e5 3. Nf3 Nc6 4. d4 exd4 5. Nxd4 Be7 6. Nf5 Bf8 7. e4 d6 8. Ne3 g6 9. Be2 Bg7 10. O-O O-O 11. Ned5 Re8 12. Bg5 Nb8 13. f3 c6 14.
Nxf6+ Bxf6 15. Bxf6 Qxf6 16. Qd2 Na6 17. Rad1 Rd8 18. f4 Qe7 19. e5 d5 20. cxd5 cxd5 21.
Nxd5 Qc5+ 22. Kh1 Be6 23. Nf6+ Kg7 24. Qxd8 Rxd8 25. Rxd8 Qe3 26. Bc4 Bf5 27. Rg8+ Kh6 28. Rh8 g5 29. fxg5+ Qxg5 30. Rg8 Bg6 31. Be2 Qd2 32.
Bf3 Nc5 33. h4 Bf5 34. Rg5 Be6 35. Ng8# 1-0

[Event "*** Titled Tuesday Blitz"]
[Site "Chess.com"]
[Date "2019.08.06"]
[Round "2"]
[White "csati17"]
[Black "KarstenHansch"]
[Result "1/2-1/2"]
[WhiteElo "2493"]
[BlackElo "2433"]
[TimeControl "180+2"]
[EndTime "13:21:22 PDT"]
[Termination "Game drawn by repetition"]

1. c4 Nf6 2. Nc3 g6 3. g3 Bg7 4.
Bg2 O-O 5. e4 d6 6. Nge2 c5 7.
O-O Nc6 8. d3 Ne8 9. Be3 Nc7 10.
d4 cxd4 11. Nxd4 Nxd4 12. Bxd4 Bxd4 13. Qxd4 Ne6 14. Qd2 a6 15. Rac1 Rb8 16. f4 Qa5 17. f5 Ng7 18. f6 Qc5+ 19. Kh1 exf6 20. Nd5 Ne8 21. b4 Qa7 22. Qh6 b6 23. Rxf6 Be6 24. Rf4 Bxd5 25. cxd5 f6 26. Bh3 Qg7 27. Be6+ Kh8 28.
Qh3 Rb7 29. Rf2 Nc7 30. Rfc2 Qe7 31. Rc6 Kg7 32. Qg4 Re8 33. Bd7 h5 34. Qh3 Qxe4+ 35. Qg2 Qe1+ 36. Qg1 Qe4+ 37. Qg2 Qe1+ 38. Qg1 Qe4+ 39.
Qg2 1/2-1/2

[Event "*** Titled Tuesday Blitz"]
[Site "Chess.com"]
[Date "2019.08.06"]
[Round "2"]
[White "Manukyan_Artak"]
[Black "StephenDedalus83"]
[Result "0-1"]
[WhiteElo "2379"]
[BlackElo "2812"]
[TimeControl "180+2"]
[EndTime "13:21:23 PDT"]
[Termination "StephenDedalus83 won by checkmate"]

1. e4 c5 2. Nf3 a6 3. c3 d5 4. e5 Nc6 5. d4 Bg4 6. Be2 e6 7. Be3 cxd4 8. Bxd4 Nge7 9. Nbd2 Ng6 10. h3 Bf5 11. O-O Nf4 12. Nb3 Be7 13. a4 O-O 14. Qd2 Nxe2+ 15. Qxe2 Nxd4 16. Nbxd4 Bg6 17. a5 Rc8 18.
Rfc1 Rc5 19. b4 Rc7 20. b5 axb5 21. Nxb5 Rc5 22. Nfd4 Qd7 23. a6 bxa6 24. Rxa6 Rfc8 25. Ra7 Qd8 26. Kh2 Bf8 27. f4 Be4 28. Qg4 Qb6 29. Qe2 Rc4 30. Rca1 Bc5 31. Ra8 Bxd4 32. Qxc4 Bg1+ 33. Kh1 Bxg2+ 34. Kxg2 Qf2+ 35. Kh1 Qh2# 0-1

[Event "*** Titled Tuesday Blitz"]
[Site "Chess.com"]
[Date "2019.08.06"]
[Round "2"]
[White "vanea_03"]
[Black "ahachess"]
[Result "1-0"]
[WhiteElo "2677"]
[BlackElo "2393"]
[TimeControl "180+2"]
[EndTime "13:21:24 PDT"]
[Termination "vanea_03 won by resignation"]

1. d4 Nf6 2. c4 g6 3. Nf3 Bg7 4. e3 d6 5. Be2 O-O 6. Nc3 Nc6 7. d5 Nb8 8. O-O Nbd7 9. e4 e5 10. dxe6 fxe6 11. h3 Kh8 12. Bg5 h6 13. Be3 e5 14.
b4 a5 15. a3 b6 16. Qc2 Bb7 17. Rad1 Qe7 18. Nd5 Bxd5 19. cxd5 axb4 20. axb4 Rfc8 21. Ra1 Nf8 22. Nd2 Ne8 23. Bg4 Rcb8 24. Rfc1 Nh7 25. Qc6 Nhf6 26. Rxa8 Rxa8 27. Qxa8 Kh7 28. Be6 Nh5 29. Qc8 Nf4 30. Bxf4 exf4 31. Qd7 Qf8 32.
Qf7 Qxf7 33. Bxf7 1-0

[Event "*** Titled Tuesday Blitz"]
[Site "Chess.com"]
[Date "2019.08.06"]
[Round "2"]
[White "Karina_Ivanova"]
[Black "CMS13"]
[Result "1-0"]
[WhiteElo "2160"]
[BlackElo "1996"]
[TimeControl "180+2"]
[EndTime "13:21:24 PDT"]
[Termination "Karina_Ivanova won by resignation"]

1. d4 d5 2. Nf3 Nf6 3. c4 e6 4. g3 dxc4 5. Bg2 Nc6 6. Qa4 Bd7 7. Qxc4 Na5 8. Qd3 c5 9. dxc5 Bxc5 10.
O-O Bc6 11. Qc2 Qb6 12. Nc3 O-O 13. Rb1 Nc4 14. b4 Be7 15. b5 Bd5 16. e4 Nxe4 17. Nxe4 Ba3 18. Nc3 Bxc1 19. Nxd5 exd5 20. Qxc1 Rac8 21.
Qg5 f6 22. Qxd5+ Kh8 23. Rfc1 Rfd8 24. Qf7 Rc7 25. Qh5 Rdc8 26. Bh3 Rd8 27. Bf5 g5 28. Rxc4 1-0

[Event "*** Titled Tuesday Blitz"]
[Site "Chess.com"]
[Date "2019.08.06"]
[Round "2"]
[White "Micki-taryan"]
[Black "BlackBoarder"]
[Result "1-0"]
[WhiteElo "2957"]
[BlackElo "2657"]
[TimeControl "180+2"]
[EndTime "13:21:26 PDT"]
[Termination "Micki-taryan won by resignation"]

1. d4 Nf6 2. Nf3 e6 3. c4 d5 4.
Nc3 Bb4 5. Bg5 h6 6. Bxf6 Qxf6 7. Qa4+ Nc6 8. e3 O-O 9. Be2 dxc4 10. Bxc4 e5 11. O-O exd4 12. Nd5 Qd6 13. Nxb4 Nxb4 14. Rad1 Bd7 15. Qb3 Qb6 16. Rxd4 Rad8 17. Bxf7+ Rxf7 18. Ne5 Qf6 19. Qxf7+ Qxf7 20. Nxf7 Kxf7 21. Rxb4 Bc6 22. Rd4 Rxd4 23. exd4 Ke6 24. Re1+ Kd5 25. Re7 Kxd4 26.
Rxg7 Kd3 27. Rxc7 Kc2 28. b4 Kb2 29. b5 Bd5 30. a4 Kb3 31. a5 Kb4 32. a6 b6 33. Rd7 1-0

[Event "*** Titled Tuesday Blitz"]
[Site "Chess.com"]
[Date "2019.08.06"]
[Round "2"]
[White "Bathory44"]
[Black "canwedoit"]
[Result "1-0"]
[WhiteElo "2577"]
[BlackElo "2434"]
[TimeControl "180+2"]
[EndTime "13:21:27 PDT"]
[Termination "Bathory44 won by resignation"]

1. e4 c5 2. c3 d5 3. exd5 Qxd5 4. d4 Nc6 5. Nf3 Bf5 6. Be2 Nf6 7. c4 Qd8 8. d5 Nb4 9. O-O Nc2 10. Nh4 Nxa1 11. Nxf5 e6 12. Ne3 Qa5 13. Nc3 O-O-O 14. Bd2 Qb6 15.
Qxa1 Bd6 16. a3 Rhe8 17. Bf3 Be5 18. Qa2 g5 19. b4 Qc7 20. Nb5 Bxh2+ 21. Kh1 Qe5 22. bxc5 g4 23. Nxg4 Nxg4 24. Bxg4 Rg8 25. Bh3 Bf4 26. Nd6+ Kb8 27. Bxf4 Qxf4 28. Qb3 Rd7 29.
c6 Rc7 30. Nxb7 Ka8 31. Na5 Rb8 32. Qg3 Qxg3 33. fxg3 exd5 34. cxd5 Rb5 35. d6 1-0

[Event "*** Titled Tuesday Blitz"]
[Site "Chess.com"]
[Date "2019.08.06"]
[Round "2"]
[White "iturrizaga"]
[Black "oskariot"]
[Result "0-1"]
[WhiteElo "2932"]
[BlackElo "2678"]
[TimeControl "180+2"]
[EndTime "13:21:28 PDT"]
[Termination "oskariot won by checkmate"]

1. c4 c5 2. g3 g6 3. Bg2 Bg7 4. Nc3 Nc6 5. a3 Bxc3 6. bxc3 d6 7. d3 Qd7 8. h4 h5 9. e4 Nf6 10. Bg5 b6 11. Bxf6 exf6 12. Qf3 Qe7 13. e5 Nxe5 14.
Qxa8 Nf3+ 15. Kd1 Qe1+ 16. Kc2 Qxf2+ 17. Kb3 Nd2+ 18. Ka4 O-O 19. Bc6 Nxc4 20. Rc1 Qa2 21. Qxc8 Qxa3+ 22. Kb5 a6+ 23. Kxc4 Qa2# 0-1

[Event "*** Titled Tuesday Blitz"]
[Site "Chess.com"]
[Date "2019.08.06"]
[Round "2"]
[White "yoolund"]
[Black "amintabatabaei"]
[Result "1-0"]
[WhiteElo "2644"]
[BlackElo "2889"]
[TimeControl "180+2"]
[EndTime "13:21:33 PDT"]
[Termination "yoolund won by resignation"]

1. d4 Nf6 2. Bg5 d5 3. Bxf6 exf6 4. e3 Bd6 5. c4 dxc4 6. Bxc4 O-O 7. Nc3 c6 8. Nge2 f5 9. O-O Nd7 10. Ng3 Nf6 11. Qf3 g6 12. Rad1 Re8 13. Rfe1 h5 14.
e4 h4 15. Nxf5 Bxf5 16. exf5 g5 17. Ne4 Nxe4 18. Rxe4 Rxe4 19. Qxe4 Qe7 20. Qxe7 Bxe7 21. g3 hxg3 22. hxg3 Rd8 23. b3 Kg7 24. d5 c5 25. Kg2 Bd6 26. Re1 a6 27. a4 Rb8 28.
Kf3 Kf6 29. g4 Rh8 30. Bf1 Rh1 31. Kg2 Rh2+ 32. Kf3 Rh3+ 33. Bxh3 b5 34. axb5 axb5 35. Bf1 1-0

[Event "*** Titled Tuesday Blitz"]
[Site "Chess.com"]
[Date "2019.08.06"]
[Round "2"]
[White "RojonR"]
[Black "Philosopherrr"]
[Result "0-1"]
[WhiteElo "2444"]
[BlackElo "2469"]
[TimeControl "180+2"]
[EndTime "13:21:38 PDT"]
[Termination "Philosopherrr won by resignation"]

1. e4 e5 2. Nf3 Nc6 3. Bb5 a6 4. Bxc6 dxc6 5. O-O Qf6 6. d4 exd4 7. Bg5 Qg6 8. Bf4 Bd6 9. e5 Bc5 10. Nxd4 Bh3 11.
Bg3 Bg4 12. Qd2 O-O-O 13. c3 h5 14. h4 Ne7 15. b4 Bxd4 16. cxd4 Nf5 17. Nc3 Rxd4 18.
Qb2 Nxg3 19. fxg3 Rhd8 20. Rf2 Be6 21. Raf1 Bc4 22. Ne2 Bxe2 23. Rxe2 Qxg3 24. Qb3 Qxh4 25. Qxf7 Rd1 26. e6 Rxf1+ 27. Qxf1 Re8 28. e7 Qd4+ 29. Kh1 g6 30. Qf8 Kd7 31. Re1 Qh4+ 32. Kg1 Qxe1+ 0-1

[Event "*** Titled Tuesday Blitz"]
[Site "Chess.com"]
[Date "2019.08.06"]
[Round "2"]
[White "Mops_2004"]
[Black "Chess_Boxer123"]
[Result "0-1"]
[WhiteElo "2522"]
[BlackElo "2407"]
[TimeControl "180+2"]
[EndTime "13:21:41 PDT"]
[Termination "Chess_Boxer123 won by resignation"]

1. Nf3 c5 2. g3 g6 3. c4 Bg7 4. Nc3 Nc6 5. Bg2 e6 6. O-O Nge7 7. a3 O-O 8. b4 d5 9. bxc5 Qa5 10. a4 dxc4 11.
Ba3 Nd5 12. Qc2 Ncb4 13. Qb2 Nxc3 14. dxc3 Nd5 15. Nd4 Qxc3 16. Rfd1 Qxb2 17. Bxb2 c3 18. Ba3 c2 19. Rd2 Bd7 20. c6 Bxc6 21. Bxf8 Rxf8 22. Rc1 Bxa4 23. Bxd5 exd5 24. Nxc2 Rc8 25. e3 b5 26.
Rxd5 Rxc2 27. Rxc2 Bxc2 28. Rxb5 Bd3 29. Rb8+ Bf8 30.
Ra8 a6 31. f4 Bb5 32. e4 Kg7 33.
Kg2 Bb4 34. Rb8 Bd6 35. Rb6 Bc5 36. Rb8 Bc6 37. Kf3 f5 38. Ke2 fxe4 39. g4 Bb5+ 40. Kd2 e3+ 41. Ke1 Bb4+ 42. Kd1 e2+ 0-1

[Event "*** Titled Tuesday Blitz"]
[Site "Chess.com"]
[Date "2019.08.06"]
[Round "2"]
[White "medalja"]
[Black "cancrushyou"]
[Result "1-0"]
[WhiteElo "2360"]
[BlackElo "2494"]
[TimeControl "180+2"]
[EndTime "13:21:42 PDT"]
[Termination "medalja won by resignation"]

1. d4 Nf6 2. c4 e6 3. Nf3 d5 4. Nc3 Bb4 5. Qa4+ Nc6 6. Bd2 O-O 7. Qc2 dxc4 8. e3 Bd6 9. a3 e5 10. dxe5 Nxe5 11. Nxe5 Bxe5 12. Bxc4 Re8 13. O-O-O Be6 14. Bd3 h6 15. f4 Bxc3 16. Bxc3 Qe7 17. e4 Bg4 18.
Rde1 Rad8 19. h3 Bd7 20. Bb4 Qe6 21. Bc4 Qc6 22. e5 Nd5 23. Bd2 Bf5 24. Qxf5 Qxc4+ 25.
Qc2 Nb6 26. Re4 Qxc2+ 27. Kxc2 f6 28. Rhe1 fxe5 29. Rxe5 Rxe5 30. Rxe5 Rxd2+ 31. Kxd2 Na8 32. Re8+ 1-0

[Event "*** Titled Tuesday Blitz"]
[Site "Chess.com"]
[Date "2019.08.06"]
[Round "2"]
[White "Quiet_Desperation"]
[Black "edgarrodrigues"]
[Result "1/2-1/2"]
[WhiteElo "2498"]
[BlackElo "2432"]
[TimeControl "180+2"]
[EndTime "13:21:42 PDT"]
[Termination "Game drawn by agreement"]

1. e4 e6 2. d4 d5 3. Nc3 Nf6 4. e5 Nfd7 5. f4 c5 6. Nf3 Nc6 7. Be3 a6 8. Qd2 b5 9. Be2 b4 10. Nd1 Qb6 11. c3 f6 12. O-O Be7 13. c4 cxd4 14.
Nxd4 Nxd4 15. Bxd4 Bc5 16. Bxc5 Nxc5 17. Kh1 Ne4 18. Qe1 f5 19. cxd5 exd5 20. Bf3 O-O 21. Ne3 Be6 22. Rd1 d4 23. Nxf5 Bxf5 24. Bxe4 Rad8 25.
Bxf5 Rxf5 26. Qe4 Rff8 27. e6 Rfe8 28. f5 Qb5 29. Rf3 Rd5 30. h3 Re5 31. Qxd4 Rxf5 32. Rxf5 Qxf5 33. Qxb4 Qxe6 34. Rd6 Qxa2 35. Rd7 Qe6 36. Qd2 Qe1+ 37. Kh2 1/2-1/2

[Event "*** Titled Tuesday Blitz"]
[Site "Chess.com"]
[Date "2019.08.06"]
[Round "2"]
[White "Aknok"]
[Black "Olga_Girya"]
[Result "0-1"]
[WhiteElo "2424"]
[BlackElo "2502"]
[TimeControl "180+2"]
[EndTime "13:21:43 PDT"]
[Termination "Olga_Girya won on time"]

1. d4 Nf6 2. c4 e6 3. Nf3 d6 4. Nc3 Be7 5. e4 O-O 6. h3 b6 7. Bd3 Bb7 8. Qe2 e5 9. dxe5 dxe5 10. Nxe5 Bb4 11. Bd2 Re8 12. f4 Nbd7 13. Nxd7 Qxd7 14. O-O-O Rad8 15. Bc2 Qe6 16. e5 Nd7 17. Nd5 Bxd2+ 18. Rxd2 Qc6 19. Rhd1 Qc5 20. Nf6+ gxf6 21. Rxd7 Rxd7 22.
Rxd7 fxe5 23. Qg4+ Kh8 0-1

[Event "*** Titled Tuesday Blitz"]
[Site "Chess.com"]
[Date "2019.08.06"]
[Round "2"]
[White "Atakishiyev04"]
[Black "maciek_92"]
[Result "1-0"]
[WhiteElo "2614"]
[BlackElo "2774"]
[TimeControl "180+2"]
[EndTime "13:21:50 PDT"]
[Termination "Atakishiyev04 won by checkmate"]

1. e4 c5 2. Nf3 Nc6 3. d4 cxd4 4. Nxd4 e6 5. Nc3 a6 6. Be3 Nf6 7. Be2 Bb4 8. Nxc6 bxc6 9. O-O d5 10. e5 Nd7 11. f4 O-O 12. Na4 Be7 13. c4 Rb8 14. Rc1 Bb7 15. Qd2 f6 16. Bg4 f5 17. Be2 g5 18.
fxg5 c5 19. cxd5 Bxd5 20. Nc3 Nxe5 21. Nxd5 Qxd5 22. Qxd5 exd5 23. Bxc5 Bxc5+ 24. Rxc5 Rxb2 25. Bxa6 Rxa2 26. Rxd5 Re8 27. Rxe5 Rxe5 28. Bc4+ Kg7 29. Bxa2 Kg6 30. h4 Re4 31. g3 Re3 32. Kf2 Rd3 33.
Bb1 Rd2+ 34. Ke3 Rg2 35. Bxf5+ Kh5 36. Kf3 Ra2 37. Rd1 h6 38. Rd6 Ra3+ 39. Kg2 hxg5 40. g4+ Kxh4 41. Rh6# 1-0

[Event "*** Titled Tuesday Blitz"]
[Site "Chess.com"]
[Date "2019.08.06"]
[Round "2"]
[White "pandamaster3000"]
[Black "DACF2905"]
[Result "1-0"]
[WhiteElo "2317"]
[BlackElo "2210"]
[TimeControl "180+2"]
[EndTime "13:21:51 PDT"]
[Termination "pandamaster3000 won by checkmate"]

1. e4 c5 2. Nf3 e6 3. d3 Nc6 4. g3 d6 5. Bg2 Nf6 6. O-O Be7 7. Re1 Qc7 8. c3 b5 9. d4 Bb7 10. e5 dxe5 11. dxe5 Nd7 12. Qe2 a6 13. h4 h6 14. h5 O-O-O 15. Bf4 Nb6 16. Nbd2 Nd5 17. a4 Nxf4 18. gxf4 g6 19. hxg6 fxg6 20. axb5 axb5 21.
Qxb5 g5 22. fxg5 hxg5 23. Nc4 g4 24. Nh2 Rdg8 25. Red1 g3 26. Nb6+ Kb8 27. Rd7 gxh2+ 28. Kh1 Qxe5 29. Rxb7+ Kxb7 30. Qxc6+ Kb8 31. Ra8# 1-0